 Dungeon Crawl Stone Soup version 0.29.1-12-g30fa7ad0bf (webtiles) character file.

Game seed: 10838028487316938622

11034 sillycutie the Severer (level 11, 0/83 HPs)
             Began as a Minotaur Berserker on Jan 14, 2023.
             Was a Believer of Trog.
             Slain by a six-headed hydra (9 damage)
             ... on level 11 of the Dungeon on Jan 16, 2023.
             The game lasted 01:14:39 (12913 turns).

sillycutie the Severer (Minotaur Berserker)        Turns: 12913, Time: 01:14:40

Health: 0/83       AC: 17    Str: 26    XL:     11   Next: 44%
Magic:  10/10      EV:  8    Int:  4    God:    Trog [**....]
Gold:   117        SH:  8    Dex: 10    Spells: 10/10 levels left

rFire   + . .      SeeInvis .   j - +0 morningstar (venom)
rCold   x . .      Faith    .   B - +0 buckler
rNeg    . . .      Spirit   .   C - +0 chain mail
rPois   +          Reflect  +   S - +1 hat
rElec   .          Harm     .   p - +2 cloak
rCorr   .          Rampage  .   f - +2 pair of gloves
Will    .....                   k - +0 pair of boots
Stlth   ..........              N - amulet of reflection
HPRegen 0.23/turn               c - ring of poison resistance
MPRegen 0.12/turn               n - ring of fire

@: on berserk cooldown, slowed, very slow
A: horns 2, retaliatory headbutt
a: Renounce Religion, Berserk, Trog's Hand


You were on level 11 of the Dungeon.
You worshipped Trog.
Trog was pleased with you.
You visited 1 branch of the dungeon, and saw 11 of its levels.

You collected 696 gold pieces.
You spent 579 gold pieces at shops.

Inventory:

Hand Weapons
 j - a +0 morningstar of venom (weapon)
 s - a +3 spectral war axe
 H - a +5 hand axe
Missiles
 i - 65 stones (quivered)
Armour
 e - a +0 scale mail
 f - a +2 pair of gloves (worn)
 k - a +0 pair of boots (worn)
 p - a +2 cloak (worn)
 B - a +0 buckler (worn)
 C - a +0 chain mail (worn)
 S - a +1 hat (worn)
 U - a +2 ring mail of poison resistance
Jewellery
 c - a ring of poison resistance (left hand)
 n - a ring of fire (right hand)
 F - an amulet of guardian spirit
 K - an amulet of faith
 N - an amulet of reflection (around neck)
 O - an amulet of regeneration
Wands
 o - a wand of roots (14)
 y - a wand of mindburst (3)
 z - a wand of digging (3)
Scrolls
 b - 3 scrolls of fear
 m - a scroll of torment {unknown}
 u - 2 scrolls of vulnerability
 w - 5 scrolls of teleportation
 A - a scroll of magic mapping {unknown}
 D - a scroll of fog
 J - a scroll of blinking {unknown}
 M - 2 scrolls of immolation {unknown}
Potions
 a - a potion of magic {unknown}
 d - 5 potions of might
 g - 3 potions of curing
 l - 4 potions of attraction
 q - 2 potions of brilliance {unknown}
 t - 3 potions of cancellation
 v - 2 potions of berserk rage
 x - 2 potions of haste {unknown}
 E - a potion of ambrosia {unknown}
 G - a potion of mutation {unknown}
 I - 3 potions of heal wounds
 P - a potion of lignification {unknown}


   Skills:
 - Level 3.8 Fighting
 + Level 20.9 Axes
 - Level 2.7 Armour
 - Level 2.4 Dodging


You had 10 spell levels left.
You didn't know any spells.
Your spell library contained the following spells:

 Spells                   Type           Power      Damage    Failure   Level
 Sublimation of Blood     Necr           0%         N/A       100%        2
 Wereblood                Tmut           0%         N/A       100%        2
 Summon Hydra             Summ           0%         N/A       100%        7


Dungeon Overview and Level Annotations

Branches:
Dungeon (11/15)            Temple (0/1) D:4
   Lair: D:8-11         Orc: D:9-12

Altars:
Cheibriados
Fedhas
Kikubaaqudgha
Nemelex Xobeh
Okawaru
Sif Muna
Uskayaw
Vehumet
Wu Jian
Xom
Zin

Shops:
D:8 (   D:9 =   D:10 [


Innate Abilities, Weirdness & Mutations

You have a pair of horns on your head.
You reflexively headbutt those who attack you in melee.


Message History

The boulder beetle is severely wounded.
Your +3 spectral war axe hits the boulder beetle!
You block the boulder beetle's attack.
You hit the boulder beetle but do no damage.
The boulder beetle is almost dead.
Your +3 spectral war axe hits the boulder beetle but does no damage.
Your skin stops crawling.
You feel less strong-willed.
The boulder beetle leaps!
Your spectral weapon disappears.
Your +0 morningstar of venom begins to drip with poison!
j - a +0 morningstar of venom (weapon)
There are monsters nearby!
There are monsters nearby!
You hit the six-headed hydra.
The six-headed hydra is lightly wounded.
The six-headed hydra bites you!
The six-headed hydra closely misses you.
The six-headed hydra barely misses you. The six-headed hydra bites you.
The six-headed hydra bites you but does no damage. x2
The boulder beetle curls into a ball and begins rolling!
The six-headed hydra bites you!
The six-headed hydra bites you but does no damage.
You block the six-headed hydra's attack.
The six-headed hydra bites you but does no damage.
The six-headed hydra bites you!
You block the six-headed hydra's attack.
You thump the six-headed hydra!
The six-headed hydra is poisoned.
The six-headed hydra is moderately wounded.
The six-headed hydra barely misses you. The six-headed hydra bites you!
The six-headed hydra bites you. The six-headed hydra bites you!
* * * LOW HITPOINT WARNING * * *
You block the six-headed hydra's attack.
The six-headed hydra bites you!
* * * LOW HITPOINT WARNING * * *
You hit the six-headed hydra.
The six-headed hydra looks as sick as possible!
The six-headed hydra is moderately wounded.
The six-headed hydra bites you but does no damage.
The six-headed hydra bites you!
You die...

#..<......###'#.....+
#§°○°°§...###.......#
#.○○.§☼.###.........#
#.§.○°###.........###
#..○§☼#.###.....#+#
#..)$.#...#'#.###
#.##○##....†### #.
#)##......# #.
#@##......#
#....°D)#......#
#....))°§B.....+
#..°.○.○#○○....#
#..§§§○○#○°°...#
#.§☼.§☼°#..☼°..#
#°☼.§°.§#..§○.##
###.#.###...#'#
#.###.c.


You could see a boulder beetle (rolling, poisoned) and a six-headed hydra
(extremely poisoned).

Vanquished Creatures
  A boulder beetle (D:9)
  3 centaur warriors (D:11)
  The ghost of RapScallion the Cleaver, a novice HOFi of Uskayaw (D:6)
  A cyclops (D:11)
  3 trolls
  A wyvern (D:9)
  2 shadows
  9 yaks
  A vampire (D:10)
  A wraith (D:11)
  4 steam dragons
  2 vampire mosquitoes (D:11)
  Edmund (D:5)
  3 water moccasins
  An orc warrior (D:10)
  A sky beast (D:8)
  2 black bears
  An ice beast (D:6)
  2 ogres (D:6)
  4 centaurs
  A phantom (D:5)
  A kobold brigand (D:11)
  A bullfrog (D:8)
  A scorpion (D:2)
  13 wights
  19 killer bees
  9 howler monkeys
  3 jellies
  4 hounds
  Crazy Yiuf (D:2)
  An orc priest (D:10)
  3 iguanas
  Jessica (D:2)
  Ijyb (D:5)
  Terence (D:3)
  3 orc wizards
  Robin (D:3)
  3 gnolls (D:7)
  10 adders
  A shadow imp (D:6)
  2 white imps (D:7)
  3 worms (D:2)
  3 dart slugs
  17 orcs
  4 ball pythons
  7 endoplasms
  4 giant cockroaches
  16 goblins
  16 hobgoblins
  2 jackals (D:5)
  4 quokkas
  7 bats
  6 frilled lizards
  16 kobolds
  4 rats
233 creatures vanquished.

Vanquished Creatures (others)
  2 sky beasts (D:8)
2 creatures vanquished.

Grand Total: 235 creatures vanquished

Notes
Turn   | Place    | Note
-------+----------+-------------------------------------------
     0 | D:1      | sillycutie the Minotaur Berserker began the quest for the
                  | Orb.
     0 | D:1      | Reached XP level 1. HP: 19/19 MP: 0/0
   635 | D:1      | Reached XP level 2. HP: 27/27 MP: 1/1
   796 | D:1      | Reached skill level 4 in Axes
  1345 | D:2      | Noticed a scorpion
  1357 | D:2      | Killed a scorpion
  1358 | D:2      | Reached skill level 5 in Axes
  1358 | D:2      | Reached XP level 3. HP: 33/33 MP: 2/2
  1358 | D:2      | Reached XP level 4. HP: 40/40 MP: 3/3
  1564 | D:2      | Found a faded altar of an unknown god.
  1716 | D:2      | Found a runed translucent door.
  1717 | D:2      | Noticed Crazy Yiuf
  1902 | D:2      | Reached skill level 6 in Axes
  1936 | D:2      | Noticed Jessica
  1948 | D:2      | Killed Jessica
  2213 | D:2      | Reached ** piety under Trog
  2371 | D:2      | Killed Crazy Yiuf
  2372 | D:2      | Reached XP level 5. HP: 46/46 MP: 4/4
  2506 | D:3      | Reached skill level 7 in Axes
  2529 | D:3      | You fall into a shaft and drop 3 floors!
  2779 | D:6      | Noticed an ice beast
  2806 | D:6      | Killed an ice beast
  2807 | D:6      | Reached skill level 8 in Axes
  2807 | D:6      | Reached XP level 6. HP: 52/52 MP: 5/5
  3104 | D:5      | Entered Level 5 of the Dungeon
  3339 | D:3      | Noticed Terence
  3352 | D:3      | Killed Terence
  3592 | D:3      | Found a shimmering altar of Xom.
  3610 | D:3      | Identified the +2 mace of Immorality {holy, rElec rN+
                  | Int+4}
  3794 | D:3      | Found a blossoming altar of Fedhas.
  3797 | D:3      | Noticed Robin
  3808 | D:3      | Killed Robin
  3822 | D:3      | Reached skill level 9 in Axes
  4144 | D:3      | Noticed a water moccasin
  4150 | D:3      | Killed a water moccasin
  4151 | D:3      | Reached XP level 7. HP: 58/58 MP: 6/6
  4219 | D:3      | Found an iron altar of Okawaru.
  4384 | D:4      | Found a glowing silver altar of Zin.
  4443 | D:4      | Found a staircase to the Ecumenical Temple.
  4570 | D:4      | Reached skill level 10 in Axes
  5074 | D:5      | Noticed Ijyb
  5075 | D:5      | Noticed Edmund
  5098 | D:5      | Killed Edmund
  5099 | D:5      | Reached skill level 11 in Axes
  5099 | D:5      | Reached XP level 8. HP: 36/66 MP: 7/7
  5101 | D:5      | Killed Ijyb
  5924 | D:6      | Reached skill level 12 in Axes
  6336 | D:6      | Reached skill level 13 in Axes
  6517 | D:6      | Found an ornate altar of the Wu Jian Council.
  6520 | D:6      | Found an ancient bone altar of Kikubaaqudgha.
  6524 | D:6      | Found a radiant altar of Vehumet.
  6630 | D:6      | Found a runed translucent gate.
  6631 | D:6      | Found a runed translucent gate.
  6631 | D:6      | Found a runed translucent gate.
  6633 | D:6      | Noticed RapScallion's ghost (novice HOFi)
  6653 | D:6      | Killed RapScallion's ghost
  6654 | D:6      | Reached skill level 14 in Axes
  6654 | D:6      | Reached XP level 9. HP: 39/71 MP: 4/8
  7214 | D:7      | Identified the +7 sling "Fycoiqui" {venom, *Slow rPois
                  | Dex+4}
  7782 | D:8      | Found Juep Wau's Weapon Shop.
  7808 | D:8      | Reached skill level 15 in Axes
  7940 | D:8      | Reached skill level 16 in Axes
  8619 | D:8      | Reached XP level 10. HP: 78/78 MP: 9/9
  8804 | D:8      | Found a hide-covered altar of Uskayaw.
  8942 | D:9      | Reached skill level 17 in Axes
  8977 | D:9      | Noticed a boulder beetle
  9024 | D:9      | Killed a boulder beetle
  9416 | D:9      | Found Ostun's Jewellery Shop.
  9455 | D:9      | Bought an amulet of reflection for 390 gold pieces
  9529 | D:9      | Reached skill level 18 in Axes
 10383 | D:9      | Found a snail-covered altar of Cheibriados.
 10436 | D:9      | Found a sparkling altar of Nemelex Xobeh.
 10535 | D:9      | Reached skill level 19 in Axes
 10684 | D:10     | Entered Level 10 of the Dungeon
 10986 | D:10     | Reached XP level 11. HP: 74/83 MP: 10/10
 11398 | D:10     | Found Esase's Antique Armour Shoppe.
 11405 | D:10     | Bought a glowing hat for 189 gold pieces
 11492 | D:10     | Found a shimmering blue altar of Sif Muna.
 11922 | D:11     | Noticed a centaur warrior
 11927 | D:11     | Killed a centaur warrior
 11928 | D:11     | Reached skill level 20 in Axes
 12490 | D:11     | Noticed a centaur warrior
 12490 | D:11     | Noticed a centaur warrior
 12491 | D:11     | Noticed a six-headed hydra
 12895 | D:11     | Killed a centaur warrior
 12901 | D:11     | Killed a centaur warrior
 12904 | D:11     | Noticed a boulder beetle
 12913 | D:11     | Slain by a six-headed hydra

Illustrated notes

Levels and vault maps discovered:
D:1:      shiori_arrival_elements, layout_loops_ring, minivault_26,
          minmay_misc_feat_rows
D:2:      layout_basic, chequers_ecumenical_altar_simple, minmay_3d_cube,
          uniq_crazy_yiuf_cottage, uniq_jessica
D:3:      layout_basic, mainiacjoe_overflow_alcove_4, general_overflow_altar,
          okawaru_altar_gauntlet_db, uniq_robin, uniq_terence
D:4:      layout_loops_ring, mainiacjoe_overflow_alcove_2,
          minmay_temple_entry_overgrown, grunt_tough_drop
D:5:      layout_rooms, kennysheep_dice, uniq_edmund, uniq_ijyb
D:6:      layout_loops_ring, grunt_temple_overflow_diamond,
          ebering_ghost_rock_garden
D:7:      layout_basic, dreamdust_gnoll_farm
D:8:      layout_loops_ring, mainiacjoe_overflow_surrounded_room, serial_shops,
          shop, hangedman_misty_isle
D:9:      layout_roguey, nicolae_overflow_hidden_temple, kennysheep_slug_shrine,
          serial_shops, nicolae_shop_hallway_stairs, minmay_misc_feat_pillars
D:10:     layout_stronghold, old_standard_altar, serial_shops, shop
D:11:     nicolae_hexawheel, layout_rooms, david_lair_shrubbed, serial_shops,
          nicolae_shop_advertising_works [nicolae_subvault_shop_adworks],
          dilly_guarded_unrand_elemental_staff

Skill      XL: |  1  2  3  4  5  6  7  8  9 10 11 |
---------------+----------------------------------+-----
Axes           | 5 6 8 9 11 14 16 19 20 | 20.9
Fighting       | |  3.8
Armour         | |  2.7
Dodging        | |  2.4

Action                   |  1- 3 |  4- 6 |  7- 9 | 10-12 || total
-------------------------+-------+-------+-------+-------++-------
Melee: Hand axe          |    43 |    79 |       |       ||   122
       Headbutt          |     2 |    29 |    29 |    23 ||    83
       Punch             |     1 |     1 |       |       ||     2
       War axe           |       |    73 |   186 |   152 ||   411
       Morningstar       |       |       |       |     3 ||     3
Throw: Stone             |     3 |     6 |    26 |     4 ||    39
       Dart              |       |       |     6 |    13 ||    19
Invok: Berserk           |     3 |     6 |     9 |     7 ||    25
       Trog's Hand       |       |     4 |    10 |     9 ||    23
  Use: Scroll            |       |       |    15 |     7 ||    22
 Stab: Distracted        |       |       |     1 |     2 ||     3
Armor: Animal skin       |     9 |       |       |       ||     9
       Scale mail        |    16 |    62 |    21 |       ||    99
       Chain mail        |       |       |    72 |    70 ||   142
Dodge: Dodged            |    44 |    84 |    84 |    42 ||   254
Block: Buckler           |       |       |    18 |    50 ||    68
       Reflection        |       |       |       |     7 ||     7
